 Dungeon Crawl Stone Soup version 0.26-a0-412-ga3d1f51b80 (webtiles) character file.

Game seed: 16145366397899384419

67 ReteAZ the Slasher (level 4, -7/31 HPs)
             Began as a Human Chaos Knight on July 24, 2020.
             Was a Plaything of Xom.
             Mangled by an iron imp (8 damage)
             ... summoned by Xom
             ... on level 1 of the Dungeon.
             The game lasted 00:02:32 (5726 turns).

ReteAZ the Slasher (Human Chaos Knight)             Turns: 5726, Time: 00:02:33

Health: -7/31      AC:  3    Str: 13      XL:     4   Next: 38%
Magic:  4/4        EV: 11    Int: 13      God:    Xom [.*....]
Gold:   937        SH:  0    Dex: 11 (12) Spells: 3/3 levels left

rFire    . . .     SeeInvis .   p - +0 long sword
rCold    . . .     Faith    .   (no shield)
rNeg     . . .     Spirit   .   b - +2 leather armour
rPois    .         Reflect  .   (no helmet)
rElec    .         Harm     .   (no cloak)
rCorr    .         Clarity  +   (no gloves)
MR       .....                  (no boots)
Stlth    +.........             (no amulet)
HPRegen  0.10/turn              (no ring)
MPRegen  0.09/turn              (no ring)

@: confused
A: clarity, deformed body, frail 1, screaming 1
a: Renounce Religion


You were on level 1 of the Dungeon.
You worshipped Xom.
You were a plaything of Xom.
You visited 1 branch of the dungeon, and saw 2 of its levels.

You collected 937 gold pieces.

Inventory:

Hand Weapons
 a - a +0 falchion of chaos
 p - a +0 long sword (weapon)
Missiles
 e - 12 poisoned darts (quivered)
Armour
 b - a +2 leather armour (worn)
 k - a +0 tower shield
Scrolls
 d - a scroll of amnesia {unknown}
 f - 2 scrolls of identify {unknown}
 h - 2 scrolls of magic mapping {unknown}
 l - a scroll of fear {unknown}
 n - a scroll of fog {unknown}
 q - a scroll of enchant weapon {unknown}
 r - a scroll of remove curse {unknown}
Potions
 c - a potion of might {unknown}
 g - a potion of ambrosia
 i - a potion of haste {unknown}
 j - a potion of stabbing {unknown}
 m - a potion of curing {unknown}
 o - a potion of degeneration {unknown}


   Skills:
 - Level 3.0 Fighting
 + Level 4.9 Long Blades
 - Level 2.0 Armour
 - Level 1.0 Dodging


You had 3 spell levels left.
You didn't know any spells.
Your spell library was empty.

Dungeon Overview and Level Annotations

Branches:
Dungeon (2/15)

Altars:
Qazlal


Innate Abilities, Weirdness & Mutations

You possess an exceptional clarity of mind.
Armour fits poorly on your strangely shaped body.
You are frail. (-10% HP)
You occasionally shout uncontrollably at your foes.


Message History

You kill the white imp!
The iron imp hits you!
* * * LOW HITPOINT WARNING * * *
A shower of butterflies erupts from you!
The ufetubus closely misses you. The ufetubus misses you.
You barely miss the ufetubus. The ufetubus closely misses you.
The ufetubus hits you.
* * * LOW HITPOINT WARNING * * *
The iron imp barely misses you. The ufetubus barely misses you.
You riposte.
You hit the ufetubus but do no damage. The ufetubus completely misses you.
It was a potion of ambrosia.
You are confused.
You feel invigorated.
Xom thinks this is hilarious!
The ufetubus hits you.
* * * LOW HITPOINT WARNING * * *
The ufetubus hits you.
* * * LOW HITPOINT WARNING * * *
The iron imp hits you!
You die...

.#.#####.######## #...........
......##.##.....# #.##########
......##.##.....# #.#####....#
†.....##.##†....######.#...'....'
.......................#.###....#
.#.#####.###.#.........#.###....#
.#.# #.#...#.........#..#.#.#.#
.#.#####.#.###########.#.#.#.#.#.
.#.............5@5b# #.#..#.#.#.#
.#..)....#.b.#####b# #.#.#.#.#.#.
.#.#.#############.###.#..#.#.#.#
.#.#÷......^8^.........###.#.#.#.
.#...#############........#.#^#.#
.........................#.#.#.#.
.#.#.#######.#........###.#.#.#.#
.#.#.# ###.########.####.#.#.#.
...#.# #........# #.....#.#.#.#


You could see an iron imp (summoned) and an ufetubus (summoned).

Vanquished Creatures
  2 adders (D:2)
  An ooze (D:2)
  A worm (D:2)
  2 leopard geckos
  A ball python (D:2)
  A bat (D:1)
  3 giant cockroaches (D:2)
  5 hobgoblins
  4 jackals (D:2)
  5 frilled lizards
  5 goblins
  5 kobolds
  4 rats
39 creatures vanquished.

Notes
Turn   | Place    | Note
-------+----------+-------------------------------------------
     0 | D:1      | ReteAZ the Human Chaos Knight began the quest for the Orb.
     0 | D:1      | Reached XP level 1. HP: 18/18 MP: 1/1
    39 | D:1      | XOM: divination: magic mapping
   231 | D:1      | Reached XP level 2. HP: 18/24 MP: 2/2
   603 | D:1      | XOM: silly message
   695 | D:1      | XOM: silly message
  1195 | D:2      | Reached skill level 4 in Long Blades
  1195 | D:2      | Reached XP level 3. HP: 24/29 MP: 3/3
  1447 | D:2      | XOM: god gift: 830 gold pieces
  1459 | D:2      | XOM: divination: magic mapping
  1600 | D:2      | Reached XP level 4. HP: 34/35 MP: 4/4
  1706 | D:2      | XOM: god gift: amethyst potion {god gift}
  1841 | D:2      | XOM: give mutations
  1841 | D:2      | Gained mutation: You occasionally shout uncontrollably at
                  | your foes. [Xom's mischief]
  1841 | D:2      | Gained mutation: Armour fits poorly on your strangely
                  | shaped body. [Xom's mischief]
  1841 | D:2      | Gained mutation: You possess an exceptional clarity of
                  | mind. [Xom's mischief]
  1979 | D:2      | Found a stormy altar of Qazlal.
  2682 | D:1      | XOM: stat loss: -1 Dex (11/12)
  2683 | D:1      | XOM: give mutations
  2683 | D:1      | Gained mutation: You are frail. (-10% HP) [Xom's mischief]
  2683 | D:1      | Lost mutation: You occasionally shout uncontrollably at
                  | your foes. [Xom's mischief]
  3104 | D:1      | XOM: noise
  3329 | D:1      | XOM: give mutation
  3329 | D:1      | Gained mutation: You occasionally shout uncontrollably at
                  | your foes. [Xom's mischief]
  3403 | D:1      | XOM: divination: detect creatures
  4151 | D:1      | XOM is BORED!
  4477 | D:1      | XOM: noise
  4499 | D:1      | XOM: cloud trail
  5718 | D:1      | XOM: summons 3 hostile demons
  5724 | D:1      | XOM: butterfly on damage
  5726 | D:1      | HP: 1/31 [ufetubus[Xom] (4)]
  5726 | D:1      | Mangled by an iron imp

Illustrated notes

Levels and vault maps discovered:
D:1:      minmay_arrival_semitransparent, layout_basic,
          ebering_dispersal_statue_hall, minivault_23
D:2:      layout_loops_ring, nicolae_qazlal_eye_of_the_storm, minmay_liquid_box,
          minmay_tetromino_t4

Skill      XL: |  1  2 |
---------------+-------+-----
Long Blades    | 4 |  4.9
Fighting       | |  3.0
Armour         | |  2.0
Dodging        | |  1.0

Action                   |  1- 3 |  4- 6 || total
-------------------------+-------+-------++-------
Melee: Falchion          |    78 |     5 ||    83
       Long sword        |       |    24 ||    24
Throw: Dart              |     3 |       ||     3
  Use: Potion            |       |     1 ||     1
 Stab: Sleeping          |     1 |       ||     1
Armor: Leather armour    |    22 |     4 ||    26
Dodge: Dodged            |    42 |    22 ||    64
       Rpst.: Falchion   |    12 |       ||    12
       Long sword        |       |     4 ||     4

Table legend: (Time is in decaauts)
 A = Elapsed time spent in this place.
 B = Non-inter-level travel time spent in this place.
 C = Inter-level travel time spent in this place.
 D = Time resting spent in this place.
 E = Time spent auto-exploring this place.
 F = Levels seen in this place.
 G = Mean time per level.
                   A        B        C        D        E       F      G
               +--------+--------+--------+--------+--------+-----+--------+
         Total |   5739 |   5596 |    143 |   3842 |   1423 |   2 | 2869.5 |
       Dungeon |   5739 |   5596 |    143 |   3842 |   1423 |   2 | 2869.5 |
               +--------+--------+--------+--------+--------+-----+--------+

Top non-repeatable levels by time:
     D:1: 4770 daAuts
     D:2: 969 daAuts
